 Dungeon Crawl Stone Soup version 0.21.1-1-g345015f (webtiles) character file.

267 amoger1506 the Skirmisher (level 6, -8/50 HPs)
             Began as a Demonspawn Abyssal Knight on July 30, 2018.
             Was a Priest of Lugonu.
             Mangled by snakesoul's ghost (14 damage)
             ... on level 4 of the Dungeon.
             The game lasted 00:13:40 (3336 turns).

amoger1506 the Skirmisher (DsAK)                    Turns: 3336, Time: 00:13:41

Health: -8/50      AC:  8    Str: 14    XL:     6   Next: 0%
Magic:  8/8        EV: 11    Int: 14    God:    Lugonu [***...]
Gold:   155        SH:  0    Dex: 12    Spells: 5/5 levels left

rFire    . . .     SeeInvis .   r - +0 long sword (curse)
rCold    . . .     Gourm    .   (no shield)
rNeg     + . .     Faith    .   k - +0 ring mail
rPois    .         Spirit   .   d - +0 helmet
rElec    .         Reflect  .   (no cloak)
rCorr    .         Harm     .   (no gloves)
MR       .....                  (no boots)
Stlth    +.........             (no amulet)
HPRegen  0.16/turn              l - ring of positive energy
MPRegen  0.11/turn              (no ring)

@: no status effects
A: talons 2, rugged brown scales 2, spiny 1
a: Depart the Abyss, Bend Space, Banish, Renounce Religion


You were on level 4 of the Dungeon.
You worshipped Lugonu.
Lugonu was most pleased with you.
You were not hungry.

You visited 1 branch of the dungeon, and saw 4 of its levels.
You visited the Abyss 1 time.

You collected 155 gold pieces.

Inventory:

Hand Weapons
 a - a +1 falchion
 q - a +0 trident
 r - a cursed +0 long sword (weapon)
Missiles
 e - 184 stones (quivered)
Armour
 b - a +0 leather armour
 d - a +0 helmet (worn)
 k - a +0 ring mail (worn)
Jewellery
 l - a ring of positive energy (left hand)
 p - a cursed ring of loudness {unknown}
Wands
 s - a wand of flame (20)
Scrolls
 f - 7 scrolls of identify {unknown}
 m - 2 scrolls of enchant weapon {unknown}
 o - a scroll of noise {unknown}
 t - a scroll of immolation {unknown}
Potions
 c - 2 potions of berserk rage {unknown}
 g - 2 potions of lignification {unknown}
 h - 2 potions of curing {unknown}
 i - a potion of mutation {unknown}
 j - 2 potions of magic {unknown}
Comestibles
 n - 3 rations


   Skills:
 + Level 4.3 Fighting
 + Level 3.6 Long Blades
 + Level 3.1 Armour
 + Level 1.5 Dodging
 + Level 0.9 Stealth
 + Level 2.7 Invocations


You had 5 spell levels left.
You didn't know any spells.

Dungeon Overview and Level Annotations

Branches:
Dungeon (4/15)
 Temple: D:4-7

Altars:
Ru
Wu Jian

Annotations:
D:4 snakesoul's ghost, novice GrFi


Innate Abilities, Weirdness & Mutations

You have razor-sharp toenails.
You are mostly covered in rugged brown scales. (AC +2, +5% HP)
You are partially covered in sharp spines.


Message History

Snakesoul's ghost hits you.
* * * LOW HITPOINT WARNING * * *
You see here a scroll labeled REENTA WUXIR.
Your ring mail prevents you from hitting snakesoul's ghost.
Snakesoul's ghost is lightly damaged.
Snakesoul's ghost hits you!
* * * LOW HITPOINT WARNING * * *
You hit snakesoul's ghost.
You claw snakesoul's ghost, but do no damage.
Snakesoul's ghost is lightly damaged.
Snakesoul's ghost wails, "They lied to you.
The Dungeon just goes down and down forever."
Snakesoul's ghost misses you.
You barely miss snakesoul's ghost. Your kick misses snakesoul's ghost.
Snakesoul's ghost is lightly damaged.
Snakesoul's ghost hits you but does no damage.
Snakesoul's ghost closely misses you.
You barely miss snakesoul's ghost.
Snakesoul's ghost is lightly damaged.
Snakesoul's ghost hits you!
You die...

#. .### ...# ..#
... .. #.# # W.#
#.# .. .. #@# ...
#. ######W#
..#.##.###......#
........#.....#.#
#.............#
#.##.##<#.....###
#.......)...>##
#...........##
##.#.##.###.#


You could see snakesoul's ghost.

Vanquished Creatures
  An orc wizard (D:3)
  2 orc priests (D:3)
  Natasha (twice) (D:2)
  4 adders
  An ooze (D:3)
  2 worms (D:2)
  2 dart slugs
  9 orcs
  4 bats
  A giant cockroach (D:2)
  9 goblins
  10 hobgoblins
  2 quokkas
  3 frilled lizards
  16 kobolds
  7 rats
75 creatures vanquished.

Notes
Turn   | Place    | Note
-------+----------+-------------------------------------------
     0 | Abyss:1  | amoger1506 the Demonspawn Abyssal Knight began the quest for the Orb.
     0 | Abyss:1  | Reached XP level 1. HP: 18/18 MP: 2/2
    13 | D:1      | Escaped the Abyss
   412 | D:1      | Gained mutation: You have sharp toenails. [demonic ancestry]
   412 | D:1      | Reached XP level 2. HP: 24/24 MP: 3/3
   499 | D:1      | Reached skill level 1 in Dodging
   759 | D:1      | Reached ** piety under Lugonu
  1128 | D:1      | Gained mutation: You are partially covered in sharp spines. [demonic ancestry]
  1128 | D:1      | Reached XP level 3. HP: 25/29 MP: 5/5
  1424 | D:2      | Found an ornate altar of the Wu Jian Council.
  1634 | D:2      | Noticed Natasha
  1647 | D:2      | Killed Natasha
  1647 | D:2      | Gained mutation: You are partially covered in rugged brown scales. (AC +1, +3% HP) [demonic ancestry]
  1647 | D:2      | Reached XP level 4. HP: 14/38 MP: 6/6
  1897 | D:2      | Noticed Natasha
  1902 | D:2      | Killed Natasha
  1903 | D:2      | Found a sacrificial altar of Ru.
  2210 | D:2      | Reached skill level 4 in Fighting
  2407 | D:3      | Gained mutation: You have razor-sharp toenails. [demonic ancestry]
  2407 | D:3      | Reached XP level 5. HP: 38/43 MP: 7/7
  2689 | D:3      | Reached *** piety under Lugonu
  3305 | D:4      | Gained mutation: You are mostly covered in rugged brown scales. (AC +2, +5% HP) [demonic ancestry]
  3305 | D:4      | Reached XP level 6. HP: 43/50 MP: 8/8
  3313 | D:4      | Noticed snakesoul's ghost (novice GrFi)
  3336 | D:4      | Mangled by snakesoul's ghost

Skill      XL: |  1  2  3  4  5 |
---------------+----------------+-----
Armour         | 2 3 |  3.1
Dodging        | 1 |  1.5
Long Blades    | 2 3 |  3.6
Fighting       | 4 |  4.3
Stealth        | |  0.9
Invocations    | |  2.7

Action                   |  1- 3 |  4- 6 || total
-------------------------+-------+-------++-------
Melee: Falchion          |    91 |    49 ||   140
       Kick              |    17 |    17 ||    34
       Long sword        |       |    28 ||    28
  Eat: Ration            |     1 |     1 ||     2
       Chunk             |       |     1 ||     1
Armor: Leather armour    |    30 |       ||    30
       Ring mail         |     9 |    29 ||    38
Dodge: Dodged            |    67 |    51 ||   118
       Rpst.: Falchion   |    26 |    11 ||    37
       Long sword        |       |     7 ||     7
